 Dungeon Crawl Stone Soup version 0.29.1-14-g9c671dbff4 (webtiles) character file.

Game seed: 6684773401823948541

226055 promet the Warrior (level 18, -5/168 HPs)
             Began as a Minotaur Fighter on Feb 12, 2023.
             Was the Champion of the Shining One.
             Killed from afar by a crystal guardian (17 damage)
             ... with a crystal bolt
             ... summoned by a glowing orange brain
             ... on level 2 of the Depths on Feb 13, 2023.
             The game lasted 07:07:02 (46928 turns).

promet the Warrior (Minotaur Fighter)              Turns: 46928, Time: 07:07:04

Health: -5/168     AC: 23    Str: 35      XL:     18   Next: 63%
Magic:  17/23      EV: 18    Int:  3 (6)  God:    the Shining One [******]
Gold:   1422       SH: 11    Dex: 12      Spells: 15/17 levels left

rFire   + + +      SeeInvis +   a - +10 dark maul {vorpal}
rCold   . . .      Faith    +   (shield currently unavailable)
rNeg    + + +      Spirit   .   i - +8 chain mail "Niatium" {rF++ SInv}
rPois   .          Reflect  .   (helmet restricted)
rElec   +          Harm     .   N - scarf {rC+ rF+}
rCorr   .          Rampage  .   (no gloves)
Will    ++...      NoCast   +   v - +1 pair of boots of the Final Demons {-Cast rN+ Regen+ Str+3}
Stlth   +.........              p - amulet of the Mashing Gods {Faith SInv}
HPRegen 1.18/turn               s - ring of willpower
MPRegen 0.18/turn               Y - ring "Makhlycs" {rElec rC- EV+4 Str+4}

@: mighty, lethally poisoned (-5 -> -9), divinely shielded, glowing, studying 2
skills
A: horns 2, retaliatory headbutt, low MP 1, strong 1
}: 1/15 runes: barnacled
a: Renounce Religion, Divine Shield, Cleansing Flame, Summon Divine Warrior,
Brand Weapon With Holy Wrath


You were on level 2 of the Depths.
You worshipped the Shining One.
The Shining One was exalted by your worship.
You visited 6 branches of the dungeon, and saw 31 of its levels.
You also visited: Bailey.

You collected 3301 gold pieces.
You spent 1879 gold pieces at shops.

Inventory:

Hand Weapons
 a - the +10 dark maul (weapon) {vorpal}
   (You took it off a two-headed ogre on level 1 of the Orcish Mines)

   It inflicts extra damage upon your enemies.
 b - a +0 triple crossbow of flaming
 c - a +9 broad axe of electrocution
 k - a +3 quick blade
 q - a +3 vorpal sling
 w - the +6 falchion "Miocveso" {antimagic, rPois Int+2}
   (You found it on level 4 of the Shoals)

   It reduces the magical energy of the wielder, and disrupts the spells and
   magical abilities of those it strikes.
   Natural abilities and divine invocations are not affected.
   Int:       It affects your intelligence (+2).
   rPois:     It protects you from poison.
 z - a +5 rapier of holy wrath
 G - the +12 short sword "Gealli" {protect, Will+ Dex+4}
   (You bought it in a shop on level 2 of the Orcish Mines)

   It grants its wielder temporary protection when it strikes (+7 to AC).
   Dex:       It affects your dexterity (+4).
   Will:      It increases your willpower.
 I - a +2 great mace of protection
 K - the +9 trident of Lust {vorpal, rElec rPois Str+2 Dex+3}
   (You found it on level 1 of the Shoals)

   It inflicts extra damage upon your enemies.
   Str:       It affects your strength (+2).
   Dex:       It affects your dexterity (+3).
   rElec:     It insulates you from electricity.
   rPois:     It protects you from poison.
 Q - a +0 double sword of electrocution
Missiles
 m - 5 curare-tipped darts (quivered)
 t - 13 atropa-tipped darts
 A - 25 poisoned darts
 E - 11 javelins
 H - 20 boomerangs
 V - 3 throwing nets
Armour
 h - a +2 cloak
 i - the +8 chain mail "Niatium" (worn) {rF++ SInv}
   (You found it on level 3 of the Dungeon)

   rF:        It greatly protects you from fire.
   SInv:      It lets you see invisible.
 v - the +1 pair of boots of the Final Demons (worn) {-Cast rN+ Regen+ Str+3}
   (You acquired it on level 5 of the Dungeon)

   Str:       It affects your strength (+3).
   rN:        It protects you from negative energy.
   -Cast:     It prevents spellcasting.
   Regen:     It increases your rate of health regeneration.
 N - a scarf of resistance (worn)
 Z - the +1 scale mail of Truth {Rampage rF- Str+7 Int+4}
   (You found it on level 4 of the Lair of Beasts)

   Str:       It affects your strength (+7).
   Int:       It affects your intelligence (+4).
   rF:        It makes you vulnerable to fire.
   Rampage:   It bestows one free step when moving towards enemies.
Jewellery
 d - a ring of flight
 f - an amulet of guardian spirit
 l - a ring of protection from cold
 p - the amulet of the Mashing Gods (around neck) {Faith SInv}
   (You found it on level 2 of the Dungeon)

   [amulet of faith]

   It allows you to gain divine favour quickly.
   SInv:      It lets you see invisible.
 s - a ring of willpower (left hand)
 B - a ring of fire
 S - a ring of fire
 X - a ring of poison resistance
 Y - the ring "Makhlycs" (right hand) {rElec rC- EV+4 Str+4}
   (You acquired it on level 14 of the Dungeon)

   [ring of evasion]

   EV:        It affects your evasion (+4).
   Str:       It affects your strength (+4).
   rC:        It makes you vulnerable to cold.
   rElec:     It insulates you from electricity.
Wands
 n - a wand of digging (14)
 L - a wand of flame (10)
 O - a wand of light (8)
 R - a wand of charming (8)
 W - a wand of iceblast (12)
Scrolls
 g - a scroll of silence
 j - 2 scrolls of fear
 o - 3 scrolls of magic mapping
 u - 10 scrolls of teleportation
 y - 5 scrolls of butterflies
 F - 2 scrolls of poison
 P - a scroll of amnesia
Potions
 e - 9 potions of curing
 r - 3 potions of magic
 x - 6 potions of flight
 D - a potion of resistance
 J - 3 potions of brilliance
 M - 2 potions of might
 U - 2 potions of berserk rage
Miscellaneous
 C - a tin of tremorstones (2/2)
 T - a piece from Xom's chessboard (15/15)


   Skills:
 + Level 16.9 Fighting
 + Level 5.9 Short Blades
 - Level 16.5(17.4) Axes
 - Level 9.0(13.8) Maces & Flails
 + Level 10.9 Ranged Weapons
 + Level 8.8 Throwing
 - Level 12.9 Armour
 * Level 12.3 Dodging
 + Level 7.8 Stealth
 + Level 12.6 Shields
 + Level 13.0 Invocations
 - Level 6.0 Evocations


You had 15 spell levels left.
You knew the following spells:

 Your Spells              Type           Power      Damage    Failure   Level
a - Shock                 Conj/Air       0%         1d3       87%         1
b - Magic Dart            Conj           0%         1d3       87%         1

Your spell library contained the following spells:

 Spells                   Type           Power      Damage    Failure   Level
 Blink                    Tloc           0%         N/A       95%         2
 Call Imp                 Summ           0%         N/A       95%         2
 Scorch                   Fire           0%         2d5       95%         2
 Searing Ray              Conj           0%         2d4       95%         2
 Gell's Gravitas          Tloc           0%         N/A       99%         3
 Inner Flame              Hex/Fire       0%         N/A       99%         3
 Lesser Beckoning         Tloc           0%         N/A       99%         3
 Mephitic Cloud           Conj/Pois/Air  0%         N/A       99%         3
 Ozocubu's Armour         Ice            0%         N/A       99%         3
 Swiftness                Air            0%         N/A       99%         3
 Teleport Other           Tloc           0%         N/A       99%         3
 Tukima's Dance           Hex            0%         N/A       99%         3
 Airstrike                Air            0%         2d(0-16)  100%        4
 Cause Fear               Hex            0%         N/A       100%        4
 Flame Wave               Conj/Fire      0%         2d4       100%        4
 Fulminant Prism          Conj/Hex       0%         3d6       100%        4
 Passage of Golubria      Tloc           0%         N/A       100%        4
 Summon Lightning Spire   Summ/Air       0%         N/A       100%        4
 Freezing Cloud           Conj/Ice/Air   0%         6-21      100%        5
 Iskenderun's Battlesphe  Conj           0%         2d6       100%        5
 Lightning Bolt           Conj/Air       0%         1d11      100%        5
 Manifold Assault         Tloc           0%         N/A       100%        5
 Yara's Violent Unravell  Hex/Tmut       0%         3d3       100%        5
 Conjure Ball Lightning   Conj/Air       0%         3x3d6     100%        6
 Dispersal                Tloc           0%         N/A       100%        6
 Simulacrum               Ice/Necr       0%         N/A       100%        6
 Summon Cactus Giant      Summ           0%         N/A       100%        6
 Ozocubu's Refrigeration  Ice            0%         4d7       100%        7
 Discord                  Hex            0%         N/A       100%        8
 Polar Vortex             Ice            0%         N/A       100%        9


Dungeon Overview and Level Annotations

Branches:
Dungeon (15/15)            Temple (0/1) D:4            Lair (5/5) D:8
 Shoals (4/4) Lair:3       Spider (3/4) Lair:2        Slime (0/5) Lair:4
    Orc (2/2) D:10            Elf (0/3) Orc:2        Vaults (0/5) D:13
 Depths (2/4) D:15         Bailey (visited)

Altars:
Cheibriados
Elyvilon
Fedhas
Gozag
Makhleb
Nemelex Xobeh
Okawaru
Trog
Uskayaw
Vehumet
Yredelemnul
Zin
The Shining One
Jiyva

Shops:
D:12 (   D:14 [   Orc:2 ([([(   Shoals:1 [   Shoals:2 !   Shoals:3 *(

Portals:
Hell: Depths:1
Trove: D:15 (give horn of Geryon)

Annotations:
D:4 2 transporters
Shoals:2 1 runed translucent door, hawkwood's ghost, adept DgAr
Depths:1 the Enchantress


Innate Abilities, Weirdness & Mutations

You have a pair of horns on your head.
You reflexively headbutt those who attack you in melee.
Your magical capacity is low. (-10% MP)
Your muscles are strong. (Str +4, Int/Dex -1)


Message History

The +3 hand axe of freezing misses you. You furiously retaliate!
You headbutt the +3 hand axe of freezing!
The +3 hand axe of freezing falls from the air.
The glowing orange brain pulsates.
The +0 mace of protection hits you!
* * * LOW HITPOINT WARNING * * *
The glowing orange brain pulsates. x2
You feel dopey. Something feeds on your intellect!
The frost giant gestures at you while chanting.
The bolt of cold misses you.
The +4 war axe of flaming barely misses you.
You furiously retaliate!
You headbutt the +4 war axe of flaming!!
The +4 war axe of flaming falls from the air.
As you read the scroll of fear, it crumbles to dust.
You assume a fearsome visage.
The crystal guardian is unaffected.
The +0 mace of protection is unaffected.
The glowing orange brain looks frightened!
The water elemental is unaffected.
The torpor snail looks frightened!
The +4 short sword of protection is unaffected.
The glowing orange brain resists with almost no effort.
The glowing orange brain looks frightened!
The frost giant looks frightened!
The +3 flail of protection is unaffected.
You are no longer terrified.
You feel very sick.
The torpor snail changes into a swamp worm!
The +0 mace of protection completely misses you.
You furiously retaliate!
You headbutt the +0 mace of protection, but do no damage.
The +0 mace of protection hits you.
* * * LOW HITPOINT WARNING * * *
The glowing orange brain blinks!
The glowing orange brain pulsates.
The glowing orange brain radiates an aura of fear!
You easily resist.
The crystal guardian fires a crystalline bolt at you.
The crystal bolt misses you. The crystal bolt freezes you!
You die...

### #..
#.##
###).##
#.(@..#
#...))G..#
#.#.(ยง9E.#
# #....w.+
>......+
##..(...+
#C.....#
G9G....#


You could see a frost giant (fleeing), a crystal guardian (summoned), 3 glowing
orange brains, a water elemental (summoned), a swamp worm shaped shifter
(summoned, fleeing), a molten gargoyle (summoned) and 3 dancing weapons.

Vanquished Creatures
  Jorgrun (D:13)
  2 krakens
  Kirke (D:15)
  Polyphemus (Shoals:3)
  A tengu reaver (Depths:2)
  A storm dragon (Depths:2)
  A fire giant (Depths:1)
  Donald (Shoals:1)
  An emperor scorpion (Spider:2)
  A frost giant (Depths:1)
  A caustic shrike zombie (Depths:1)
  2 orc warlords
  2 stone giants
  3 very ugly things (Depths:1)
  A broodmother (Spider:1)
  A vampire knight (D:15)
  3 entropy weavers (Spider:2)
  A dire elephant (shapeshifter) (D:15)
  A spark wasp (Spider:2)
  2 ettins (D:15)
  3 fire dragons
  3 merfolk javelineers
  5 merfolk impalers
  A great orb of eyes (D:15)
  A jorogumo (Spider:1)
  8 vault guards (D:13)
  2 ice dragons (Depths:1)
  2 rakshasas (Depths:1)
  4 boulder beetles
  2 catoblepae
  6 hydras
  5 merfolk aquamancers
  A radroach (Spider:2)
  2 alligator snapping turtles
  8 two-headed ogres
  2 dancing weapons (Depths:2)
  3 centaur warriors
  A merfolk avatar (Shoals:4)
  8 death yaks
  A tengu warrior (D:13)
  6 orc high priests (Orc:2)
  2 deep troll earth magi (Depths:1)
  Nergalle (Lair:2)
  Lodul (D:13)
  5 pharaoh ants
  A steelbarb worm (Spider:2)
  8 sea snakes
  A swamp dragon (Lair:5)
  2 lindwurms (Lair:5)
  7 deep trolls (Depths:1)
  A necromancer (Depths:1)
  11 harpies
  A frost giant zombie (Depths:1)
  4 oklob plants (Lair:4)
  A deep elf pyromancer (D:13)
  17 ugly things
  3 orc sorcerers (Orc:2)
  14 wolf spiders
  21 fauns
  8 orc knights
  A salamander (D:15)
  8 manticores
  10 cyclopes
  6 merfolk sirens
  An iron dragon skeleton (Depths:1)
  A stone giant skeleton (Depths:1)
  10 elephants
  2 moths of wrath
  A torpor snail (shapeshifter) (D:15)
  10 black mambas
  A gargoyle (D:10)
  A water nymph (Shoals:2)
  17 cane toads
  7 torpor snails
  5 demonic crawlers
  An efreet (D:15)
  19 rime drakes
  3 tengu conjurers
  10 komodo dragons
  4 polar bears
  8 trolls
  A queen bee (shapeshifter) (D:13)
  3 tyrant leeches (Lair:5)
  4 wind drakes
  8 hornets
  19 merfolk
  8 blink frogs
  16 tarantellas
  31 slime creatures
  A dream sheep (shapeshifter) (D:15)
  7 snapping turtles
  4 dream sheep
  A fire giant simulacrum (Depths:1)
  An air elemental (Depths:2)
  17 jumping spiders
  9 culicivoras
  A shadow (D:11)
  A wyvern (Lair:1)
  A vampire (D:13)
  9 water elementals
  3 basilisks
  3 wraiths
  52 yaks
  A hog (D:15)
  13 steam dragons
  20 redbacks
  10 vampire mosquitoes
  4 wargs
  Menkaure (D:7)
  3 acid dragons
  Duvessa (D:7)
  9 water moccasins
  2 swamp drakes (Lair:5)
  67 orc warriors
  2 ice beasts (D:6)
  3 sky beasts
  13 ogres
  10 wolves
  4 centaurs
  3 phantoms
  Blork the orc (D:4)
  2 kobold brigands
  7 bullfrogs
  3 gnoll sergeants
  4 scorpions
  Dowan (D:7)
  6 killer bees
  5 howler monkeys
  An electric eel (Lair:2)
  5 jellies
  42 orc priests
  Crazy Yiuf (D:7)
  7 hounds
  Jessica (D:2)
  5 iguanas
  18 orc wizards
  20 gnolls
  10 adders
  A shadow imp (D:5)
  3 white imps
  2 worms
  3 dart slugs (D:3)
  122 orcs
  4 ball pythons
  7 endoplasms
  6 giant cockroaches
  15 hobgoblins
  18 kobolds
  A quokka (D:2)
  2 bats
  A frilled lizard (D:3)
  19 goblins
  5 rats
  3 tentacles
1054 creatures vanquished.

Vanquished Creatures (collateral kills)
  2 merfolk javelineers (Shoals:4)
  3 merfolk impalers
  A centaur warrior (D:13)
  A merfolk avatar (Shoals:1)
  2 dancing weapons (Depths:2)
  A merfolk aquamancer (Shoals:4)
  2 satyrs (Shoals:4)
  A glowing orange brain (Depths:2)
  4 harpies (Shoals:4)
  2 fauns (Shoals:4)
  2 manticores (Shoals:1)
  2 merfolk sirens (Shoals:1)
  A yaktaur (shapeshifter) (D:13)
  9 merfolk
  A tarantella (Spider:3)
  A snapping turtle (Shoals:1)
  4 water elementals
  A centaur (D:13)
  A worm (D:2)
  3 orcs (Orc:2)
  A quokka (D:2)
45 creatures vanquished.

Vanquished Creatures (others)
  A merfolk impaler (Shoals:4)
  A sea snake (Shoals:4)
  A rime drake (Lair:5)
  2 humans (D:15)
  A centaur (D:13)
  An orc priest (Orc:2)
  An orc (Orc:2)
  2 ball lightnings (Depths:2)
  29 fungi
  348 plants
  8 tentacles
395 creatures vanquished.

Grand Total: 1494 creatures vanquished

Notes
Turn   | Place    | Note
-------+----------+-------------------------------------------
     0 | D:1      | promet the Minotaur Fighter began the quest for the Orb.
     0 | D:1      | Reached XP level 1. HP: 19/19 MP: 0/0
    14 | D:1      | Found a faded altar of an unknown god.
    21 | D:1      | Prayed at the altar of an unknown god.
    21 | D:1      | Became a worshipper of the Shining One
    21 | D:1      | Reached * piety under the Shining One
   796 | D:2      | Noticed Jessica
   801 | D:2      | Killed Jessica
   802 | D:2      | Reached XP level 2. HP: 26/27 MP: 1/1
   802 | D:2      | Reached XP level 3. HP: 32/33 MP: 2/2
  1333 | D:2      | Identified the amulet of the Mashing Gods {Faith SInv}
  1569 | D:3      | Identified the +1 steam dragon scales "Keor" {Harm rC-
                  | rCorr Dex+5}
  1600 | D:3      | Reached skill level 5 in Armour
  1600 | D:3      | Reached XP level 4. HP: 32/40 MP: 3/3
  1804 | D:3      | You fall into a shaft and drop 2 floors!
  1804 | D:5      | Entered Level 5 of the Dungeon
  2370 | D:3      | Reached XP level 5. HP: 46/46 MP: 4/4
  2668 | D:3      | Identified the +8 chain mail "Niatium" {rF++ SInv}
  2976 | D:4      | Noticed an ogre
  3270 | D:4      | Found a transporter.
  3274 | D:4      | Noticed an ice beast
  3274 | D:4      | Noticed an ice beast
  3274 | D:4      | Noticed an ice beast
  3274 | D:4      | Reached ** piety under the Shining One
  3477 | D:4      | Noticed Blork the orc
  3688 | D:4      | Reached skill level 1 in Short Blades
  3688 | D:4      | Reached skill level 1 in Invocations
  3743 | D:4      | Reached skill level 1 in Ranged Weapons
  3743 | D:4      | Reached XP level 6. HP: 52/52 MP: 5/5
  4016 | D:4      | Found a white marble altar of Elyvilon.
  4018 | D:4      | Found a transporter.
  4071 | D:4      | Found a staircase to the Ecumenical Temple.
  4167 | D:4      | Killed Blork the orc
  4168 | D:4      | Reached XP level 7. HP: 60/60 MP: 7/7
  4285 | D:4      | Found a glowing silver altar of Zin.
  4715 | D:5      | Reached skill level 5 in Shields
  4761 | D:5      | Found a hide-covered altar of Uskayaw.
  4766 | D:5      | Found an opulent altar of Gozag.
  4771 | D:5      | Found a sparkling altar of Nemelex Xobeh.
  4931 | D:5      | Identified a scroll of acquirement
  4931 | D:5      | Acquired the +1 pair of boots of the Final Demons {-Cast
                  | rN+ Regen+ Str+3}
  5071 | D:5      | Reached skill level 5 in Fighting
  5138 | D:5      | Found a basalt altar of Yredelemnul.
  5273 | D:5      | Reached XP level 8. HP: 68/68 MP: 9/9
  5472 | D:5      | Reached skill level 1 in Dodging
  5765 | D:6      | Reached skill level 5 in Short Blades
  5920 | D:6      | Reached skill level 1 in Throwing
  5947 | D:6      | Found a blossoming altar of Fedhas.
  5960 | D:6      | Reached skill level 5 in Ranged Weapons
  6006 | D:6      | Reached *** piety under the Shining One
  6109 | D:6      | Found a snail-covered altar of Cheibriados.
  6141 | D:6      | Reached XP level 9. HP: 75/75 MP: 11/11
  6445 | D:7      | Noticed Dowan
  6447 | D:7      | Noticed Duvessa
  6475 | D:7      | Killed Dowan
  6482 | D:7      | Killed Duvessa
  6564 | D:7      | Noticed Menkaure
  6578 | D:7      | Killed Menkaure
  6738 | D:7      | Reached skill level 1 in Maces & Flails
  6757 | D:6      | Reached skill level 5 in Invocations
  6986 | D:7      | Reached skill level 5 in Axes
  7424 | D:7      | Found a burning altar of Makhleb.
  7518 | D:7      | Found a runed translucent door.
  7519 | D:7      | Noticed Crazy Yiuf
  7636 | D:7      | Killed Crazy Yiuf
  8068 | D:8      | Found a flagged portal.
  8141 | Bailey   | Entered a bailey
  8512 | Bailey   | Reached XP level 10. HP: 86/86 MP: 13/13
  9363 | Bailey   | Noticed an orc knight
  9400 | Bailey   | Killed an orc knight
 10064 | Bailey   | Noticed an orc warlord
 10107 | Bailey   | Killed an orc warlord
 10745 | D:8      | Found a staircase to the Lair.
 10880 | D:8      | Identified the +0 leather armour "Dalirote" {Rampage rElec
                  | rN+ rCorr Str-4}
 11499 | D:9      | Noticed a two-headed ogre
 11513 | D:9      | Killed a two-headed ogre
 12469 | D:9      | Found a bloodstained altar of Trog.
 12491 | D:9      | Got the Catalogue of Blasting
 12888 | D:10     | Entered Level 10 of the Dungeon
 12888 | D:10     | Noticed a two-headed ogre
 12902 | D:10     | Killed a two-headed ogre
 12903 | D:10     | Reached skill level 1 in Stealth
 12903 | D:10     | Reached XP level 11. HP: 87/95 MP: 15/15
 12933 | D:10     | Reached **** piety under the Shining One
 13575 | D:10     | Found a radiant altar of Vehumet.
 13770 | D:10     | Noticed a boulder beetle
 13838 | D:10     | Killed a boulder beetle
 14018 | D:10     | Found an iron altar of Okawaru.
 14460 | D:10     | Found a staircase to the Orcish Mines.
 14514 | D:10     | Reached skill level 10 in Axes
 14717 | Lair:1   | Entered Level 1 of the Lair of Beasts
 14909 | Lair:1   | Noticed a five-headed hydra
 14934 | Lair:1   | Killed a five-headed hydra
 15626 | Lair:1   | Reached XP level 12. HP: 65/105 MP: 17/17
 15641 | Lair:1   | Noticed a catoblepas
 15748 | Lair:1   | Killed a catoblepas
 16094 | Lair:1   | Reached skill level 10 in Armour
 16286 | Lair:2   | Noticed Nergalle
 16298 | Lair:2   | Killed Nergalle
 16408 | Lair:1   | Reached skill level 10 in Fighting
 16433 | Lair:2   | Learned a level 1 spell: Shock
 16622 | Lair:2   | Reached skill level 1 in Evocations
 16625 | Lair:2   | Gained mutation: Your body sometimes deteriorates upon
                  | taking damage. [potion of mutation]
 16626 | Lair:2   | Lost mutation: Your body sometimes deteriorates upon taking
                  | damage. [potion of mutation]
 16626 | Lair:2   | Gained mutation: You expend magic power (3 MP) to
                  | strengthen your wands. [potion of mutation]
 16626 | Lair:2   | Gained mutation: You are somewhat resistant to further
                  | mutation. [potion of mutation]
 17046 | Lair:2   | Found a hole to the Spider Nest.
 17052 | Lair:2   | Reached ***** piety under the Shining One
 17710 | Lair:2   | Reached XP level 13. HP: 112/114 MP: 18/18
 17720 | Lair:3   | Reached skill level 10 in Invocations
 17720 | Lair:3   | Reached XP level 14. HP: 126/126 MP: 18/20
 18810 | Lair:3   | Found a staircase to the Shoals.
 19312 | Lair:4   | Found a staircase to the Slime Pits.
 19398 | Lair:4   | Found a viscous altar of Jiyva.
 19629 | Lair:4   | Identified the +1 scale mail of Truth {Rampage rF- Str+7
                  | Int+4}
 20162 | Lair:4   | Reached skill level 5 in Stealth
 20422 | Lair:5   | Entered Level 5 of the Lair of Beasts
 21529 | Lair:5   | Reached skill level 5 in Evocations
 21542 | Lair:5   | Reached skill level 10 in Shields
 21864 | Lair:5   | Reached skill level 5 in Throwing
 22134 | Lair:5   | Reached skill level 15 in Axes
 22137 | Lair:5   | Reached XP level 15. HP: 127/134 MP: 21/21
 22217 | Lair:5   | Found a runed translucent door.
 22295 | Lair:5   | Paralysed by a hornet for 2 turns
 23544 | Orc:1    | Entered Level 1 of the Orcish Mines
 23825 | Orc:2    | Entered Level 2 of the Orcish Mines
 24258 | Orc:2    | Found a staircase to the Elven Halls.
 24284 | Orc:2    | Found Dodocel's Antique Weapon Shop.
 24660 | Orc:2    | Noticed an orc warlord
 24682 | Orc:2    | Reached ****** piety under the Shining One
 24701 | Orc:2    | Killed an orc warlord
 24918 | Orc:2    | Paralysed by an orc sorcerer for 5 turns
 27479 | Orc:2    | Found Golop's Armour Shoppe.
 27479 | Orc:2    | Found Zodaps's Weapon Shoppe.
 27480 | Orc:2    | Found Wycvap's Antique Weapon Shoppe.
 27480 | Orc:2    | Found Ydilulaw's Armour Emporium.
 27566 | Orc:2    | Bought a dazzling whip for 255 gold pieces
 27566 | Orc:2    | Identified the +5 whip "Fedisho" {holy, Int+4} (You bought
                  | it in a shop on level 2 of the Orcish Mines)
 27756 | Orc:2    | Bought the +12 short sword "Gealli" {protect, Will+ Dex+4}
                  | for 1184 gold pieces
 29570 | D:11     | Identified the +11 scimitar of the Establishment {chaos,
                  | Dex+2}
 29646 | D:11     | Reached skill level 5 in Maces & Flails
 29797 | D:11     | Learned a level 1 spell: Magic Dart
 30531 | D:12     | Identified the +1 mace "Unuat" {chaos, rPois rN+}
 30806 | D:12     | Found Leacola's Weapon Boutique.
 31088 | D:13     | Noticed Jorgrun
 31288 | D:13     | Killed Jorgrun
 31344 | D:13     | Noticed Lodul
 31424 | D:13     | Reached XP level 16. HP: 145/145 MP: 23/23
 31490 | D:13     | Killed Lodul
 31984 | D:13     | Found a gate to the Vaults.
 32415 | D:14     | Reached skill level 5 in Dodging
 32463 | D:14     | Found Hionusim's Antique Armour Shoppe.
 32486 | D:14     | Acquired the ring "Makhlycs" {rElec rC- EV+4 Str+4}
 33126 | D:15     | Entered Level 15 of the Dungeon
 33505 | D:15     | Acquired a manual of Maces & Flails
 33615 | D:15     | Noticed Kirke
 33622 | D:15     | Killed Kirke
 34250 | D:15     | Found a staircase to the Depths.
 34514 | D:15     | Found a portal to a secret trove of treasure.
 34800 | Shoals:1 | Entered Level 1 of the Shoals
 34808 | Shoals:1 | Found Jiebo's Armour Emporium.
 34810 | Shoals:1 | Noticed Donald
 34819 | Shoals:1 | Killed Donald
 35171 | Shoals:1 | Identified the +9 trident of Lust {vorpal, rElec rPois
                  | Str+2 Dex+3}
 35478 | Shoals:1 | Noticed a kraken
 35485 | Shoals:1 | Killed a kraken
 35569 | Shoals:1 | Reached XP level 17. HP: 148/151 MP: 21/24
 36007 | Shoals:2 | Noticed a kraken
 36016 | Shoals:2 | Killed a kraken
 36104 | Shoals:2 | Reached skill level 10 in Dodging
 36130 | Shoals:2 | Found a runed translucent door.
 36583 | Shoals:2 | Found Aviclasm's Distillery.
 36612 | Shoals:2 | Bought a potion of berserk rage for 100 gold pieces
 36612 | Shoals:2 | Bought a potion of curing for 60 gold pieces
 36612 | Shoals:2 | Bought a potion of curing for 60 gold pieces
 36612 | Shoals:2 | Bought a potion of might for 80 gold pieces
 37036 | Shoals:2 | Noticed hawkwood's ghost (adept DgAr)
 37116 | Shoals:3 | Found Ogupomecu's Weapon Shop.
 37131 | Shoals:3 | Found Witihabu's Overcharged Wands.
 37337 | Shoals:3 | Noticed Polyphemus
 38052 | Shoals:3 | Killed Polyphemus
 38274 | Shoals:3 | Lost mutation: You are somewhat resistant to further
                  | mutation. [potion of mutation]
 38274 | Shoals:3 | Lost mutation: You expend magic power (3 MP) to strengthen
                  | your wands. [potion of mutation]
 38274 | Shoals:3 | Gained mutation: You are resistant to electric shocks.
                  | (rElec) [potion of mutation]
 38274 | Shoals:3 | Gained mutation: Armour fits poorly on your strangely
                  | shaped body. [potion of mutation]
 38277 | Shoals:3 | Identified the +5 quarterstaff of the Sun {elec, Int+7
                  | Dex-3}
 38303 | Shoals:3 | Lost mutation: You are resistant to electric shocks.
                  | (rElec) [potion of mutation]
 38303 | Shoals:3 | Lost mutation: Armour fits poorly on your strangely shaped
                  | body. [potion of mutation]
 38303 | Shoals:3 | Gained mutation: Your magical capacity is low. (-10% MP)
                  | [potion of mutation]
 38303 | Shoals:3 | Gained mutation: Your muscles are strong. (Str +4, Int/Dex
                  | -1) [potion of mutation]
 38843 | Shoals:4 | Entered Level 4 of the Shoals
 38913 | Shoals:4 | Identified the +6 falchion "Miocveso" {antimagic, rPois
                  | Int+2}
 39750 | Shoals:4 | Reached skill level 15 in Fighting
 39909 | Shoals:4 | Got a barnacled rune of Zot
 40802 | Orc:2    | Bought a +0 triple crossbow for 140 gold pieces
 41245 | Spider:1 | Entered Level 1 of the Spider Nest
 43178 | Spider:2 | Reached XP level 18. HP: 120/163 MP: 17/23
 43686 | Spider:2 | Reached skill level 10 in Ranged Weapons
 43849 | Spider:2 | You are sucked into a shaft and drop 1 floor!
 44026 | Spider:3 | The Shining One protects you from harm!
 44030 | Spider:3 | Was placed under penance by the Shining One
 45244 | Depths:1 | Entered Level 1 of the Depths
 45844 | D:15     | Was forgiven by the Shining One
 46623 | Depths:1 | Found a gateway to Hell.
 46668 | Depths:1 | Identified the +1 robe of Zin, Telling {rElec rN+}
 46671 | Depths:1 | Noticed the Enchantress
 46684 | Depths:1 | HP: 8/168 [poisoned by a spriggan defender]
 46689 | Depths:1 | HP: 8/168 [poisoned by a spriggan defender]
 46918 | Depths:1 | You fall into a shaft and drop 1 floor!
 46928 | Depths:2 | Killed from afar by a crystal guardian

Illustrated notes

Levels and vault maps discovered:
D:1:      minmay_arrival_doors, layout_basic, basic_ecumenical_altar
D:2:      layout_rooms, uniq_jessica
D:3:      layout_basic
D:4:      gammafunk_cloud_chamber, layout_rooms, mainiacjoe_overflow_brackets,
          nicolae_elyvilon_peaceful_grove, minmay_temple_entry_antechambers,
          minmay_manual_moon, uniq_blork_the_orc
D:5:      layout_basic, kennysheep_mini_moat, grunt_temple_overflow_diamond,
          amcnicky_mini_pool_medium
D:6:      layout_loops_ring, mainiacjoe_overflow_tiny_flanked,
          nicolae_overflow_crystal_walls, feat_on_display
D:7:      layout_cave_pools, makhleb_heckhound_becter, hangedman_decor_growths,
          uniq_menkaure, uniq_crazy_yiuf_cottage, uniq_duvessa
D:8:      layout_cave_pods, erik_lair_orcish_takeover, enter_bailey_5,
          kennysheep_small_spiral, minivault_27, roderic_lattice_a,
          dk_rats_in_the_wall
D:9:      layout_layer_cave, lemuel_round_altar, kennysheep_donut
D:10:     layout_gridville, mainiacjoe_overflow_catch_the_wave, david_orc_4,
          minivault_23
D:11:     layout_roguey
D:12:     layout_big_octagon, serial_shops, nicolae_shop_bloodbath_and_beyond
D:13:     layout_rooms, erik_vaults_2, uniq_jorgrun, uniq_lodul
D:14:     layout_rooms, nicolae_concentric_dashed_squares_wild, serial_shops,
          nicolae_square_shop
D:15:     hangedman_depths_entry_try_elsewhere_first, layout_basic,
          minmay_misc_feat_alley, nicolae_trove_entry_columns, uniq_kirke
Lair:1:   layout_misc_corridors
Lair:2:   layout_big_grid, hellmonk_spider_entry_life_and_decay,
          minmay_shattered_shrine, serial_bayou_shore_b, serial_bayou_shore_a,
          uniq_nergalle
Lair:3:   layout_regular_city, elwin_shoals_entry_stream, grunt_megastairs_3
Lair:4:   minmay_lair_oklob_tunnel, layout_misc_corridors,
          minmay_slime_entry_pillars
Lair:5:   guppyfry_lair_end_dragon, layout_regular_city, wormcave,
          bobbens_dragon_lair_wall, grunt_megastairs_5
Shoals:1: layout_shoals, serial_shops, nicolae_shop_waterfront, uniq_donald
Shoals:2: layout_shoals, ebering_ghost_reflecting_pool, serial_shops, shop
Shoals:3: layout_shoals, serial_shops, shop, nicolae_shop_overcharged_wands,
          uniq_polyphemus
Shoals:4: shoals_end_grunt_garden, layout_shoals
Spider:1: layout_cave_pods, drop_trap, hangedman_spider_tarantella_strand
Spider:2: layout_cave_pods, hangedman_spider_mandibles
Spider:3: layout_cave_pods, drop_trap, nicolae_looking_at_the_future
Orc:1:    layout_caves, hellmonk_guarded_unrand_dark_maul
Orc:2:    st_orc_pillars, layout_caves, serial_shops, shop,
          nicolae_orc_damp_corner, minmay_orc_temple_c
Depths:1: layout_basic, lightli_enter_wizlab_magi_temple, serial_shops,
          nicolae_square_shop, hangedman_coc_ice_floe,
          nicolae_hepliaklqana_hippocampus, serial_bayou_shore_b,
          uniq_enchantress
Depths:2: radiant_caverns_b_rkd, hell_entry, pan_entry

Skill      XL: |  1  2  3  4  5  6  7  8  9 10 11 12 13 14 15 16 17 18 |
---------------+-------------------------------------------------------+-----
Armour         | 4 5 6 7 8 9 10 11 12 | 12.9
Fighting       | 4 5 7 8 9 10 12 13 15 16 | 16.9
Shields        | 4 5 6 7 9 10 11 12 | 12.6
Axes           | 3 5 8 10 13 15 16 | 16.5
Short Blades   | 1 2 3 5 |  5.9
Invocations    | 1 2 3 4 5 7 8 9 10 11 12 13 | 13.0
Ranged Weapons | 1 2 3 5 6 7 9 10 | 10.9
Dodging        | 1 2 3 9 11 12 | 12.3
Throwing       | 1 3 5 7 8 |  8.8
Maces & Flails | 1 2 3 7 9 |  9.0
Stealth        | 1 3 6 7 |  7.8
Evocations     | 2 5 6 |  6.0

Action                   |  1- 3 |  4- 6 |  7- 9 | 10-12 | 13-15 | 16-18 || total
-------------------------+-------+-------+-------+-------+-------+-------++-------
Melee: War axe           |    38 |       |    78 |    23 |       |       ||   139
       Headbutt          |     8 |    23 |    82 |   151 |   234 |    92 ||   590
       Short sword       |     8 |    88 |   230 |    20 |       |     8 ||   354
       Unarmed           |       |     1 |       |       |       |       ||     1
       Flail             |       |       |     9 |    25 |    31 |       ||    65
       Mace              |       |       |     4 |       |       |       ||     4
       Broad axe         |       |       |       |   423 |   777 |    74 ||  1274
       Maul              |       |       |       |       |    64 |   391 ||   455
       Whip              |       |       |       |       |     3 |       ||     3
       Trident           |       |       |       |       |       |    24 ||    24
       Quick blade       |       |       |       |       |       |     7 ||     7
       Staff             |       |       |       |       |       |     3 ||     3
       Punch             |       |       |       |       |       |     2 ||     2
       Double sword      |       |       |       |       |       |    11 ||    11
       Great mace        |       |       |       |       |       |     3 ||     3
 Fire: Sling             |       |    35 |    38 |    38 |   127 |   147 ||   385
       Triple crossbow   |       |       |       |       |       |    53 ||    53
       Longbow           |       |       |       |       |       |     9 ||     9
Throw: Stone             |     1 |     2 |       |       |       |       ||     3
       Dart              |       |     4 |     3 |    17 |     6 |     3 ||    33
       Boomerang         |       |       |    19 |    64 |   124 |    83 ||   290
       Javelin           |       |       |       |       |     5 |       ||     5
Invok: Divine Shield     |       |       |     1 |     4 |    13 |    21 ||    39
       Cleansing Flame   |       |       |       |       |     2 |     1 ||     3
       Summon Divine War |       |       |       |       |       |     5 ||     5
Evoke: Wand              |       |       |       |    10 |     5 |     9 ||    24
       Piece from Xom's  |       |       |       |       |     2 |     5 ||     7
  Use: Scroll            |     7 |     4 |     7 |    11 |     6 |    13 ||    48
       Potion            |     1 |     1 |     1 |     6 |    14 |    16 ||    39
Armor: Scale mail        |    19 |    16 |       |       |       |       ||    35
       Chain mail        |       |    40 |   172 |   268 |   343 |   438 ||  1261
       Skin              |       |     2 |       |       |       |       ||     2
Dodge: Dodged            |    18 |    30 |   105 |   164 |   241 |   745 ||  1303
Block: Buckler           |    13 |    26 |    78 |    64 |       |       ||   181
       Kite shield       |       |       |       |   208 |   445 |    30 ||   683
       Other             |       |       |       |       |    15 |    98 ||   113
